 Dungeon Crawl Stone Soup version 0.31-a0-675-g238779eb0a (webtiles) character file.

Game seed: 12425746268243352989

531 qw the Shooter (level 7, 0/39 HPs)
             Began as a Gargoyle Hunter on Sept 5, 2023.
             Slain by a mummy (12 damage)
             ... in an ossuary.
             The game lasted 00:01:27 (3163 turns).

qw the Shooter (Gargoyle Hunter)                    Turns: 3163, Time: 00:01:27

Health: 0/39       AC: 11    Str: 14    XL:     7   Next: 24%
Magic:  7/7        EV: 10    Int: 10    God:
Gold:   237        SH:  0    Dex: 15    Spells: 6/6 levels left

rFire   . . .        Y - +0 shortbow
rCold   + . .        (shield currently unavailable)
rNeg    + . .        h - +1 ring mail {rC+}
rPois   inf          (no helmet)
rElec   +            (no cloak)
rCorr   .            (no gloves)
SInv    .            (no boots)
Will    .....        (no amulet)
Stlth   +            (no ring)
HPRegen 0.26/turn    (no ring)
MPRegen 0.10/turn

%: clarity
@: no status effects
A: sickness immunity, AC +4, negative energy resistance 1, electricity
resistance, torment resistance 1, petrification resistance, clarity, frail 1
a: no special abilities


You were in an ossuary.
You visited 1 branch of the dungeon, and saw 4 of its levels.
You also visited: Ossuary.

You collected 237 gold pieces.


Innate Abilities, Weirdness & Mutations

You are immune to sickness and miasma.
Your stone body is resilient. (AC +4)
You are immune to poison.
You resist negative energy. (rN+)
You are resistant to electric shocks. (rElec)
You are resistant to unholy torment.
You are immune to petrification.
You possess an exceptional clarity of mind.
You are frail. (-10% HP)


   Skills:
 - Level 4.7 Fighting
 + Level 7.4 Ranged Weapons
 - Level 1.0 Armour
 - Level 1.5 Dodging
 - Level 1.1 Stealth


You had 6 spell levels left.
You didn't know any spells.
Your spell library was empty.

Inventory:

Hand Weapons
 Y - a +0 shortbow (weapon)
Armour
 a - a +0 leather armour of fire resistance
 h - a +1 ring mail of cold resistance (worn)
Wands
 e - a wand of digging (4)
Scrolls
 b - a scroll of identify
 f - 3 scrolls of teleportation
Potions
 c - 2 potions of haste
 d - a potion of curing
 i - a potion of invisibility {unknown}

Dungeon Overview and Level Annotations

Branches:
Dungeon (4/15)            Ossuary (1/1)
 Temple: D:4-7

Altars:
Fedhas


Message History

The centaur zombie is moderately damaged.
The centaur zombie hits you but does no damage.
The centaur zombie kicks you but does no damage.
The mummy barely misses you. The mummy completely misses you. x2
The centaur zombie hits you but does no damage.
The centaur zombie kicks you.
You shoot an arrow. The arrow hits the centaur zombie.
The centaur zombie is heavily damaged.
The centaur zombie hits you but does no damage.
The centaur zombie kicks you but does no damage.
The mummy hits you but does no damage. The mummy barely misses you.
The mummy closely misses you.
You shoot an arrow. The arrow hits the centaur zombie.
The centaur zombie is severely damaged.
The centaur zombie hits you.
The centaur zombie completely misses you.
The hobgoblin zombie hits you. The centaur zombie closely misses you.
The centaur zombie kicks you but does no damage.
The mummy hits you.
You shoot an arrow. The arrow hits the centaur zombie!
The centaur zombie is almost destroyed.
The mummy barely misses you. The mummy hits you!
The centaur zombie hits you but does no damage.
The centaur zombie kicks you.
The hobgoblin zombie hits you but does no damage.
You shoot an arrow. The arrow hits the centaur zombie.
You destroy the centaur zombie!
The mummy hits you.
The hobgoblin zombie hits you but does no damage.
The mummy closely misses you. x2
You shoot an arrow. The arrow hits the mummy.
The mummy is lightly damaged.
The hobgoblin zombie barely misses you. The mummy barely misses you.
The mummy hits you but does no damage. The mummy hits you.
You shoot an arrow. The arrow hits the mummy!
The mummy is heavily damaged.
The hobgoblin zombie barely misses you.
You shoot an arrow. The arrow completely misses the mummy.
The mummy hits you!
You die...

#####
##...##
#.....#
#.MM..#
#.@M..#
#.Z...#
#..\..#
#.....#
#..\..#
#.....#
#.^...#
#..^.^#
ยค....^.


You could see 3 mummies and a hobgoblin zombie.

Vanquished Creatures
  2 ogres (D:4)
  Blork the orc (D:4)
  A centaur zombie (Ossuary)
  A hound (D:4)
  Ijyb (D:4)
  A sleepcap (D:4)
  A gnoll (D:2)
  6 adders
  An ufetubus (D:4)
  2 dart slugs (D:2)
  An orc (D:3)
  9 ball pythons
  8 bats
  8 endoplasms
  6 giant cockroaches
  8 goblins
  9 hobgoblins
  8 jackals
  16 kobolds
  4 quokkas
  3 rats
97 creatures vanquished.

Notes
Turn   | Place    | Note
-------+----------+-------------------------------------------
     0 | D:1      | qw the Gargoyle Hunter began the quest for the Orb.
     0 | D:1      | Reached XP level 1. HP: 12/12 MP: 1/1
     0 | D:1      | 0 ||| qw: Version: 0.3-a-75-g829b12e
     0 | D:1      | 0 ||| qw: Game counter: 90
     0 | D:1      | 0 ||| qw: Melee chars always use a shield: true
     0 | D:1      | 0 ||| qw: God list: Okawaru
     0 | D:1      | 0 ||| qw: Allow faded altars: false
     0 | D:1      | 0 ||| qw: Do Orc after clearing Dungeon:15 true
     0 | D:1      | 0 ||| qw: Do second Lair branch before Depths: true
     0 | D:1      | 0 ||| qw: Lair rune preference: random
     0 | D:1      | 0 ||| qw: Goals: Normal
     0 | D:1      | 0 ||| PLANNING D:1-11
   256 | D:1      | Reached XP level 2. HP: 17/17 MP: 2/2
   632 | D:1      | Reached XP level 3. HP: 21/21 MP: 3/3
   691 | D:1      | 691 ||| UPGRADING to +0 ring mail.
   701 | D:1      | 701 ||| DROPPING +0 leather armour.
   702 | D:1      | 702 ||| READING scroll labelled HENIAX MIJO.
   703 | D:1      | 703 ||| READING 2 scrolls labelled UTHIH DOITEM.
   708 | D:1      | 708 ||| READING scroll labelled WUSOUG JUVAOK.
   709 | D:1      | 709 ||| DROPPING scroll of butterflies.
   939 | D:2      | Reached skill level 1 in Armour
   946 | D:2      | Reached skill level 5 in Ranged Weapons
  1269 | D:2      | Reached XP level 4. HP: 27/27 MP: 4/4
  1318 | D:2      | Reached skill level 3 in Fighting
  1540 | D:2      | 1540 ||| READING scroll labelled YMED IPIJISAN.
  1541 | D:2      | 1541 ||| READING scroll labelled PUERPH EMEROLO.
  1810 | D:3      | Reached XP level 5. HP: 32/32 MP: 5/5
  2028 | D:3      | Found a blossoming altar of Fedhas.
  2035 | D:3      | 2035 ||| DROPPING +1 sling of freezing.
  2439 | D:3      | 2439 ||| READING scroll labelled GIEHATHRU NUUTO.
  2440 | D:3      | 2440 ||| READING scroll labelled BUAFRY ONOFEQO.
  2441 | D:3      | 2441 ||| DRINKING 3 fizzy inky potions.
  2442 | D:3      | 2442 ||| DRINKING 2 lumpy cyan potions.
  2452 | D:4      | 2452 ||| PLANNING OSSUARY
  2453 | D:4      | Noticed Ijyb
  2460 | D:4      | 2460 ||| STAIRDANCE
  2466 | D:4      | 2466 ||| STAIRDANCE
  2480 | D:4      | Killed Ijyb
  2481 | D:4      | Reached skill level 6 in Ranged Weapons
  2481 | D:4      | 2481 ||| STAIRDANCE
  2602 | D:4      | 2602 ||| FLEEEEING.
  2603 | D:4      | 2603 ||| FLEEEEING.
  2604 | D:4      | 2604 ||| FLEEEEING.
  2605 | D:4      | 2605 ||| FLEEEEING.
  2606 | D:4      | 2606 ||| FLEEEEING.
  2607 | D:4      | 2607 ||| FLEEEEING.
  2608 | D:4      | 2608 ||| FLEEEEING.
  2609 | D:4      | 2609 ||| STAIRDANCE
  2640 | D:3      | 2640 ||| UPGRADING to +0 leather armour of fire resistance.
  2650 | D:3      | 2650 ||| UPGRADING to +1 ring mail of cold resistance.
  2660 | D:3      | 2660 ||| DROPPING +0 ring mail.
  2661 | D:3      | 2661 ||| READING 2 scrolls of identify.
  2661 | D:3      | 2661 ||| IDENTIFYING sedimented purple potion
  2662 | D:3      | 2662 ||| DROPPING potion of attraction.
  2718 | D:4      | Noticed Blork the orc
  2727 | D:4      | Killed Blork the orc
  2728 | D:4      | Reached XP level 6. HP: 34/39 MP: 6/6
  2818 | D:4      | 2818 ||| FLEEEEING.
  2822 | D:4      | 2822 ||| FLEEEEING.
  2823 | D:4      | 2823 ||| FLEEEEING.
  2831 | D:4      | 2831 ||| FLEEEEING.
  2832 | D:4      | 2832 ||| FLEEEEING.
  2845 | D:4      | Reached skill level 7 in Ranged Weapons
  2845 | D:4      | Reached XP level 7. HP: 17/44 MP: 7/7
  3134 | D:4      | Found a sand-covered staircase.
  3135 | D:4      | 3135 ||| DRINKING 2 smoky amethyst potions.
  3135 | D:4      | Gained mutation: Your spells are a little easier to cast,
                  | but a little less powerful. [potion of mutation]
  3135 | D:4      | Gained mutation: You are frail. (-10% HP) [potion of
                  | mutation]
  3135 | D:4      | Gained mutation: Your skin changes colour to match your
                  | surroundings (Stealth+). [potion of mutation]
  3135 | D:4      | Gained mutation: You are somewhat resistant to further
                  | mutation. [potion of mutation]
  3136 | D:4      | 3136 ||| DRINKING potion of mutation.
  3136 | D:4      | Lost mutation: Your skin changes colour to match your
                  | surroundings (Stealth+). [potion of mutation]
  3136 | D:4      | Lost mutation: You are somewhat resistant to further
                  | mutation. [potion of mutation]
  3136 | D:4      | Lost mutation: Your spells are a little easier to cast, but
                  | a little less powerful. [potion of mutation]
  3136 | D:4      | Gained mutation: You possess an exceptional clarity of
                  | mind. [potion of mutation]
  3151 | Ossuary  | Entered an ossuary
  3163 | Ossuary  | Slain by a mummy

Levels and vault maps discovered:
D:1:      noname_arrival_rooms_in_the_neighbourhood, layout_basic,
          skrybe_limestone_x
D:2:      layout_basic, serial_bayou_pond_d, cheibrodos_gnoll_hut
D:3:      kennysheep_big_flooded_room, layout_basic, lemuel_crystal_altar,
          dreamdust_mushroom_princess, chequers_serial_rivers_room_b
D:4:      layout_gridville, enter_ossuary_1, hex_tiny, dk_noncrumbling_2,
          uniq_blork_the_orc, uniq_ijyb
Ossuary:  ossuary_the_hunt_dpeg

Skill      XL: |  1  2  3  4  5  6 |
---------------+-------------------+-----
Armour         | 1 |  1.0
Ranged Weapons | 5 6 7 |  7.4
Fighting       | 3 4 |  4.7
Dodging        | |  1.5
Stealth        | |  1.1

Action                     |  1- 3 |  4- 6 |  7- 9 || total
---------------------------+-------+-------+-------++-------
   Fire: Shortbow          |    95 |   218 |    48 ||   361
    Use: Scroll            |     3 |     5 |       ||     8
         Potion            |       |     2 |     2 ||     4
 Armour: Leather armour    |     7 |       |       ||     7
         Ring mail         |    19 |   125 |    31 ||   175
  Dodge: Dodged            |    28 |    96 |    16 ||   140

Table legend:
 A = Non-vault XP
 B = Vault XP
 C = Vault XP percentage of total XP
 D = Non-vault monster count
 E = Vault monster count
 F = Vault count percentage of total count
                 A         B        C        D         E       F
            +---------+---------+-------+---------+---------+-------
      Total |     557 |     202 |  26.6 |      89 |       8 |   8.2
            +---------+---------+-------+---------+---------+-------
        D:1 |      36 |       0 |   0.0 |      19 |       0 |   0.0
        D:2 |      63 |      18 |  22.2 |      22 |       3 |  12.0
        D:3 |      73 |       5 |   6.4 |      24 |       2 |   7.7
        D:4 |     385 |     134 |  25.8 |      24 |       2 |   7.7
    Ossuary |       0 |      45 | 100.0 |       0 |       1 | 100.0
            +---------+---------+-------+---------+---------+-------
